 Dungeon Crawl Stone Soup version 0.20-a0-1078-g4874019 (webtiles) character file.

213 JeffiDaFish the Shield-Bearer (level 5, 0/33 HPs)
             Began as a Gargoyle Fighter on Apr 30, 2017.
             Killed by divine providence
             ... invoked by an orc priest
              (16 damage)
             ... on level 4 of the Dungeon.
             The game lasted 00:04:09 (2664 turns).

JeffiDaFish the Shield-Bearer (Gargoyle Fighter)    Turns: 2664, Time: 00:04:09

Health: 0/33       AC: 13    Str: 17 (20) XL:     5   Next: 90%
Magic:  5/5        EV:  5    Int:  7 (8)  God:
Gold:   197        SH:  9    Dex: 10      Spells: 4/4 levels left

rFire    . . .     SeeInvis .   a - +1 flail
rCold    . . .     Gourm    +   c - +0 shield
rNeg     + . .     Faith    .   n - +0 chain mail
rPois    ∞         Spirit   .   (no helmet)
rElec    +         Reflect  .   (no cloak)
rCorr    .         Harm     .   (no gloves)
MR       .....                  (no boots)
Stlth    ..........             k - amulet of the gourmand
Regen    0.2/turn               (no ring)
MPRegen  0.1/turn               (no ring)

@: no status effects
A: negative energy resistance 1, electricity resistance, unbreathing,
petrification resistance, rot immunity, AC +4
a: no special abilities


You were on level 4 of the Dungeon.
You were completely stuffed.

You visited 1 branch of the dungeon, and saw 4 of its levels.

You collected 197 gold pieces.

Inventory:

Hand Weapons
 a - a +1 flail (weapon)
Armour
 c - a +0 shield (worn)
 n - a +0 chain mail (worn)
Jewellery
 k - an amulet of the gourmand (around neck)
Scrolls
 b - 2 scrolls of identify
 j - a scroll of magic mapping
 l - 3 scrolls of remove curse
 m - 2 scrolls of amnesia
Potions
 d - a potion of might
 e - a potion of berserk rage
 g - a potion of invisibility
 i - a potion of curing
 o - a potion of magic
Comestibles
 f - a bread ration
 h - 3 meat rations
 p - 9 chunks of flesh


   Skills:
 + Level 4.1 Fighting
 + Level 3.8 Maces & Flails
 + Level 4.1 Armour
 + Level 0.5 Dodging
 + Level 1.0 Stealth
 + Level 4.3 Shields


You had 4 spell levels left.
You didn't know any spells.

Dungeon Overview and Level Annotations

Branches:
Dungeon (3/15)

Altars:
Elyvilon
Hepliaklqana
Nemelex Xobeh
Qazlal
Sif Muna
Yredelemnul


Innate Abilities, Weirdness & Mutations

You are resistant to torment.
Your stone body is resilient. (AC +4)
You are immune to poison.
You resist negative energy. (rN+)
You are resistant to electric shocks. (rElec)
You can survive without breathing.
You are immune to petrification.
You are immune to rotting.


Message History

The orc priest calls upon Beogh to heal the orc wizard.
The orc wizard is healed somewhat.
You block the orc wizard's attack.
A quokka and a skeleton come into view.
You sock the orc wizard!
The orc wizard is severely wounded.
You block the orc wizard's attack. The orc hits you.
You closely miss the orc wizard.
The orc wizard is severely wounded.
The orc hits you but does no damage.
The orc wizard hits you but does no damage.
The orc hits you but does no damage.
The orc priest calls down the wrath of Beogh upon you.
Beogh smites you! The orc barely misses you.
The orc wizard hits you but does no damage.
You hit the orc priest.
The orc priest is moderately wounded.
The orc barely misses you. The orc hits you but does no damage.
The orc priest invokes the aid of Beogh against you.
Beogh smites you!
You die...

### # #.. .#.
####.# ...
#....###.###.
#......r......
#).ooo..Z.....
#..o@o........
#.............
####(.......#
#(.......#
#........#
#.#(######
#.....#
###.....#
#.......####


You could see an orc priest, an orc wizard, 3 orcs, a quokka and an adder
skeleton.

Vanquished Creatures
  An orc wizard (D:3)
  3 worker ants
  5 adders
  2 worms (D:3)
  3 dart slugs
  4 orcs (D:3)
  6 bats
  A giant cockroach (D:4)
  8 goblins
  7 hobgoblins
  4 jackals (D:4)
  3 kobolds
  2 quokkas
  6 frilled lizards
  3 rats
58 creatures vanquished.

Notes
Turn   | Place    | Note
-------+----------+-------------------------------------------
     0 | D:1      | JeffiDaFish the Gargoyle Fighter began the quest for the Orb.
     0 | D:1      | Reached XP level 1. HP: 14/14 MP: 1/1
   140 | D:1      | Reached XP level 2. HP: 19/19 MP: 2/2
  1065 | D:2      | Reached XP level 3. HP: 23/23 MP: 3/3
  1494 | D:2      | Found a basalt altar of Yredelemnul.
  1615 | D:2      | Found a white marble altar of Elyvilon.
  1839 | D:2      | Found a sparkling altar of Nemelex Xobeh.
  1845 | D:2      | Found a stormy altar of Qazlal.
  1947 | D:3      | Reached XP level 4. HP: 29/29 MP: 4/4
  2165 | D:3      | Found a deep blue altar of Sif Muna.
  2165 | D:3      | Found a hazy altar of Hepliaklqana.
  2293 | D:3      | Reached XP level 5. HP: 33/33 MP: 5/5
  2463 | D:3      | Reached skill level 1 in Stealth
  2574 | D:3      | You fall through a shaft!
  2664 | D:4      | Killed from afar by an orc priest

Vault maps used:
D:1:      nicolae_arrival_memento_mori, serial_forest,
          infiniplex_forest_lined_2, infiniplex_forest_zigzag_1,
          infiniplex_forest_zigzag_1, infiniplex_forest_corner_1,
          infiniplex_forest_end_1, infiniplex_forest_split,
          hangedman_decor_points
D:2:      kennysheep_ying_yang, nemelex_xobeh_ov_fountains_minmay,
          nicolae_qazlal_eye_of_the_storm
D:3:      gammafunk_temple_overflow_elements, grunt_ministairs_1
D:4:      kennysheep_slug_shrine, first_bread

Skill      XL: |  1  2  3  4  5 |
---------------+----------------+-----
Armour         | 4 |  4.1
Shields        | 4 |  4.3
Maces & Flails | 3 |  3.8
Fighting       | 4 |  4.1
Stealth        | 1 |  1.0
Dodging        | |  0.5

Action                   |  1- 3 |  4- 6 || total
-------------------------+-------+-------++-------
Melee: Flail             |   141 |   114 ||   255
  Use: Potion            |     5 |     3 ||     8
       Scroll            |     7 |     1 ||     8
  Eat: Chunk             |    10 |     9 ||    19
Armor: Scale mail        |    64 |       ||    64
       Chain mail        |     8 |    74 ||    82
Dodge: Dodged            |    36 |    36 ||    72
Block: Shield            |    66 |    62 ||   128
